 Dungeon Crawl Stone Soup version 0.31-a0-426-g3a05650e59 (webtiles) character file.

Game seed: 668275789241558856

7122 Vomitron the Destroyer (level 10, -3/81 HPs)
             Began as a Yellow Draconian Conjurer on July 30, 2023.
             Was an Elder of Vehumet.
             Slain by a two-headed ogre
             ... wielding a +0 giant club
              (30 damage)
             ... on level 10 of the Dungeon on July 31, 2023.
             The game lasted 00:29:44 (12009 turns).

Vomitron the Destroyer (Yellow Draconian Conjurer) Turns: 12009, Time: 00:29:45

Health: -3/81      AC: 15    Str: 10    XL:     10   Next: 85%
Magic:  0/21       EV: 11    Int: 23    God:    Vehumet [****..]
Gold:   558        SH:  4    Dex:  9    Spells: 0/24 levels left

rFire   + . .        q - +3 spear (venom)
rCold   . . .        L - +0 buckler
rNeg    . . .        (body armour unavailable)
rPois   .            F - +2 hat
rElec   .            h - +0 cloak
rCorr   +            g - +1 pair of gloves
SInv    .            G - +2 pair of boots {rF+}
Will    .....        (no amulet)
Stlth   ++           (no ring)
HPRegen 0.33/turn    (no ring)
MPRegen 0.17/turn

%: no passive effects
@: no status effects
A: spit acid, AC +7, unfitting armour, cold-blooded, acid resistance
a: Breathe Acid, Renounce Religion


You were on level 10 of the Dungeon.
You worshipped Vehumet.
Vehumet was greatly pleased with you.
You visited 2 branches of the dungeon, and saw 11 of its levels.
You also visited: Ossuary.

You collected 756 gold pieces.
You spent 198 gold pieces at shops.

Inventory:

Hand Weapons
 b - a +0 mace
 q - a +3 spear of venom (weapon)
 x - a +1 whip of flaming
Missiles
 A - 2 throwing nets
Armour
 g - a +1 pair of gloves (worn)
 h - a +0 cloak (worn)
 C - a +0 kite shield
 F - a +2 hat (worn)
 G - a +2 pair of boots of fire resistance (worn)
 L - a +0 buckler (worn)
Magical Staves
 m - a staff of death
Jewellery
 s - an amulet of reflection
 v - a ring of fire
 y - a ring of fire
 K - a ring of wizardry
Wands
 w - a wand of charming (20)
 B - a wand of mindburst (23)
 D - a wand of acid (8)
 N - a wand of polymorph (10)
 O - a wand of flame (11)
Scrolls
 e - 3 scrolls of enchant weapon
 f - a scroll of amnesia
 i - a scroll of fear
 o - 2 scrolls of fog
 t - 2 scrolls of teleportation
 J - a scroll of noise
 M - a scroll of identify
Potions
 a - 2 potions of magic
 c - 6 potions of degeneration
 d - 5 potions of curing
 j - 2 potions of attraction {unknown}
 k - 2 potions of cancellation {unknown}
 l - 2 potions of enlightenment {unknown}
 n - 3 potions of brilliance {unknown}
 p - 6 potions of heal wounds {unknown}
 r - 4 potions of lignification {unknown}
 u - 3 potions of berserk rage {unknown}
 z - 2 potions of ambrosia {unknown}
 E - 2 potions of haste {unknown}
 H - 2 potions of invisibility {unknown}
 I - 2 potions of mutation {unknown}


   Skills:
 - Level 5.4 Fighting
 - Level 1.7 Dodging
 - Level 1.7 Stealth
 + Level 4.8 Shields
 + Level 7.9 Spellcasting
 + Level 10.4 Conjurations
 - Level 2.0 Hexes
 - Level 5.3 Necromancy
 - Level 4.0 Translocations
 + Level 3.7 Ice Magic


You couldn't memorise any spells.
You knew the following spells:

 Your Spells              Type           Power      Damage    Failure   Level
a - Magic Dart            Conj           100%       1d8       1%          1
b - Searing Ray           Conj           100%       2d8       1%          2
c - Kiss of Death         Conj/Necr      100%       2d13      1%          1
d - Iskenderun's Mystic   Conj/Tloc      42%        2d10      1%          4
e - Blink                 Tloc           54%        N/A       3%          2
f - Fulminant Prism       Conj/Hex       18%        3d10      2%          4
g - Poisonous Vapours     Pois/Air       18%        N/A       4%          2
h - Frozen Ramparts       Ice            52%        1d8       1%          3
i - Freezing Cloud        Conj/Ice/Air   15%        6-21      11%         5

Your spell library contained the following spells:

 Spells                   Type           Power      Damage    Failure   Level
 Olgreb's Toxic Radiance  Pois           9%         N/A       24%         4
 Shock                    Conj/Air       100%       1d9       1%          1
 Momentum Strike          Conj/Tloc      84%        3d10      1%          2
 Dazzling Flash           Conj/Hex       74%        N/A       1%          3
 Hailstorm                Conj/Ice       41%        3d10      1%          3
 Mephitic Cloud           Conj/Pois/Air  25%        N/A       1%          3
 Lesser Beckoning         Tloc           54%        N/A       3%          2
 Ensorcelled Hibernation  Hex/Ice        44%        N/A       4%          2
 Dispel Undead            Necr           33%        3d14      11%         4
 Confusing Touch          Hex            18%        N/A       13%         3
 Passwall                 Tmut/Erth      7%         N/A       16%         2
 Airstrike                Air            4%         2d(1-17)  24%         4
 Swiftness                Air            9%         N/A       30%         3
 Summon Ice Beast         Ice/Summ       17%        N/A       41%         4
 Simulacrum               Ice/Necr       15%        N/A       93%         6


Dungeon Overview and Level Annotations

Branches:
Dungeon (10/15)            Temple (1/1) D:5         Ossuary (visited)
   Lair: D:8-11         Orc: D:9-12

Altars:
Ashenzari
Cheibriados
Dithmenos
Elyvilon
Fedhas
Gozag
Hepliaklqana
Kikubaaqudgha
Makhleb
Nemelex Xobeh
Okawaru
Qazlal
Ru
Sif Muna
Trog
Uskayaw
Vehumet
Wu Jian
Xom
Yredelemnul
Zin
The Shining One

Shops:
D:7 (=*[

Annotations:
D:7 1 transporter, Gelion's ghost, novice OpSh


Innate Abilities, Weirdness & Mutations

You can spit globs of acid.
Your golden yellow scales are hard. (AC +7)
You cannot fit into any form of body armour.
You are cold-blooded and may be slowed by cold attacks.
You are resistant to acid. (rCorr)


Message History

Confirm with . or Enter, or press ? or * to list all spells.
You erupt in a blast of force!
The mystic blast hits the two-headed ogre.
The two-headed ogre is lightly wounded.
The two-headed ogre is knocked back by the mystic blast.
Unknown command.
Unknown command.
Casting: Iskenderun's Mystic Blast (mildly dangerous; 1% risk of failure)
Confirm with . or Enter, or press ? or * to list all spells.
Aiming: Searing Ray (safe; 1% risk of failure)
Press: ? - help, Shift-Dir - straight line, f - two-headed ogre
Aim: a two-headed ogre, wielding two +0 giant clubs (lightly wounded, 92% to hit)
The searing ray hits the two-headed ogre.
The two-headed ogre is lightly wounded. (Press . to maintain the ray.) Unknown command.
The searing ray hits the two-headed ogre!
The two-headed ogre is moderately wounded.
The wall freezes the two-headed ogre.
The searing ray hits the two-headed ogre!
The two-headed ogre is heavily wounded.
The wall freezes the two-headed ogre.
The two-headed ogre barely misses you. x2
Casting: Searing Ray (safe; 1% risk of failure)
Confirm with . or Enter, or press ? or * to list all spells.
You don't have enough magic to cast this spell.
You hit the two-headed ogre but do no damage.
The two-headed ogre is poisoned.
The two-headed ogre is heavily wounded.
The wall freezes the two-headed ogre.
The two-headed ogre hits you with a +0 giant club!!
The two-headed ogre hits you with a +0 giant club!
You hit the two-headed ogre.
The two-headed ogre looks as sick as possible!
Your tail-slap misses the two-headed ogre.
The two-headed ogre is severely wounded.
You hit the two-headed ogre.
The two-headed ogre is severely wounded.
The frozen ramparts melt away.
The two-headed ogre hits you with a +0 giant club!!
You die...

# #.# ## #.#
.## #.# ..##
#.# .#.## #.#
## #.#.##
#.#†# ##.#.##
##.# .##.#.##
##O#.#
.###.#.##
##@#.## ..
##.#.##
##.#.## ##
##.#.##
##.#.##
##.#.###.#.##
##.#.#.#.##
##.#.#.##
##.#.## ## ##


You could see a two-headed ogre (extremely poisoned).

Vanquished Creatures
  Pikel (D:4)
  A cyclops (D:9)
  An unseen horror (D:7)
  3 trolls
  A shadow (D:10)
  A wyvern (D:7)
  A yak (D:10)
  A wraith (D:10)
  Menkaure (D:4)
  2 acid dragons
  A water moccasin (D:9)
  3 orc warriors (D:7)
  2 ice beasts
  A sky beast (D:6)
  2 black bears (D:6)
  An ogre (D:5)
  A phantom (D:6)
  A centaur (D:7)
  3 lemures (D:4)
  2 kobold brigands
  An elf zombie (Ossuary)
  Blork the orc (D:5)
  7 bullfrogs
  A scorpion (D:4)
  3 gnoll sergeants
  12 wights
  10 killer bees
  3 howler monkeys (D:9)
  2 electric eels (D:7)
  2 human zombies (Ossuary)
  Crazy Yiuf (D:5)
  3 jellies
  A gnoll bouda (D:9)
  9 orc priests
  An iguana (D:7)
  A sleepcap (D:6)
  9 orc wizards
  2 mummies (Ossuary)
  Robin (D:4)
  21 gnolls
  6 adders
  3 shadow imps
  A white imp (D:7)
  An adder zombie (Ossuary)
  2 dart slugs
  A worm (D:2)
  37 orcs
  3 ball pythons
  A bat (D:2)
  9 endoplasms
  A giant cockroach (D:2)
  13 goblins
  4 hobgoblins
  6 jackals
  10 kobolds
  3 quokkas
  A frilled lizard (D:3)
  A goblin zombie (Ossuary)
  9 hobgoblin zombies (Ossuary)
  A jackal zombie (Ossuary)
  13 kobold zombies (Ossuary)
  7 orc zombies (Ossuary)
  A rat (D:2)
  2 rat zombies (Ossuary)
257 creatures vanquished.

Vanquished Creatures (others)
  32 fulminant prisms
32 creatures vanquished.

Grand Total: 289 creatures vanquished

Notes
Turn   | Place    | Note
-------+----------+-------------------------------------------
     0 | D:1      | Vomitron the Draconian Conjurer began the quest for the
                  | Orb.
     0 | D:1      | Reached XP level 1. HP: 14/14 MP: 3/3
   565 | D:1      | Reached XP level 2. HP: 22/22 MP: 1/5
  1048 | D:2      | Learned a level 2 spell: Searing Ray
  1096 | D:2      | Reached skill level 1 in Fighting
  1340 | D:2      | Reached XP level 3. HP: 28/28 MP: 0/6
  1580 | D:2      | Identified the +0 robe "Avonytim" {Slay+3}
  2342 | D:3      | Reached XP level 4. HP: 36/36 MP: 2/7
  2367 | D:3      | Reached skill level 5 in Conjurations
  2786 | D:3      | Found a white marble altar of Elyvilon.
  2846 | D:3      | Reached XP level 5. HP: 28/41 MP: 1/9
  2917 | D:3      | Learned a level 1 spell: Kiss of Death
  3045 | D:4      | Noticed Menkaure
  3144 | D:4      | Killed Menkaure
  3145 | D:4      | Reached skill level 1 in Necromancy
  3145 | D:4      | Reached XP level 6. HP: 50/50 MP: 4/10
  3319 | D:4      | Noticed Robin
  3332 | D:4      | Killed Robin
  3575 | D:4      | Reached skill level 6 in Conjurations
  3910 | D:4      | Learned a level 4 spell: Iskenderun's Mystic Blast
  4231 | D:4      | Noticed Pikel
  4250 | D:4      | Killed Pikel
  4251 | D:4      | Reached skill level 7 in Conjurations
  4251 | D:4      | Your scales start taking on a golden yellow colour.
  4251 | D:4      | Reached XP level 7. HP: 33/59 MP: 4/13
  4251 | D:4      | Gained mutation: You are resistant to acid. (rCorr) [Yellow
                  | Draconian growth]
  4339 | D:5      | Entered Level 5 of the Dungeon
  4470 | D:5      | Found a staircase to the Ecumenical Temple.
  4478 | Temple   | Entered the Ecumenical Temple
  4503 | Temple   | Became a worshipper of Vehumet
  4841 | D:5      | Noticed Blork the orc
  4846 | D:5      | Killed Blork the orc
  4847 | D:5      | Reached XP level 8. HP: 67/67 MP: 6/14
  5332 | D:5      | Found a runed translucent door.
  5333 | D:5      | Noticed Crazy Yiuf
  5541 | D:5      | Paralysed by Crazy Yiuf for 2 turns
  5547 | D:5      | Killed Crazy Yiuf
  5931 | D:6      | Learned a level 2 spell: Blink
  5936 | D:6      | Learned a level 4 spell: Fulminant Prism
  5939 | D:6      | Learned a level 2 spell: Poisonous Vapours
  6126 | D:6      | Reached skill level 5 in Fighting
  6420 | D:6      | Reached skill level 5 in Spellcasting
  6588 | D:6      | Reached skill level 8 in Conjurations
  6989 | D:7      | Reached XP level 9. HP: 39/74 MP: 1/17
  7104 | D:7      | Found a transporter.
  7105 | D:7      | Noticed Gelion's ghost (novice OpSh)
  7109 | D:7      | Identified the +1 dire flail of Qiuhie {flame, Str+3}
  7109 | D:7      | Noticed a two-headed ogre
  7136 | D:7      | Found a sand-covered staircase.
  7206 | Ossuary  | Entered an ossuary
  7225 | Ossuary  | Reached * piety under Vehumet
  7225 | Ossuary  | Offered knowledge of Freeze by Vehumet.
  7490 | Ossuary  | Offered knowledge of Sandblast by Vehumet.
  7490 | Ossuary  | Reached ** piety under Vehumet
  7586 | D:7      | Found Kieneu's Antique Armour Emporium.
  8073 | D:7      | Found Fympefof's Fire Supplies.
  8082 | D:7      | Bought a +1 pair of boots of fire resistance for 198 gold
                  | pieces
  8176 | D:7      | Reached skill level 5 in Necromancy
  8270 | D:7      | Found Fipewki's Jewellery Emporium.
  8301 | D:7      | Found Raron's Antique Weapon Shoppe.
  8540 | D:7      | Found a bloodstained altar of Trog.
  8540 | D:7      | Found an ornate altar of the Wu Jian Council.
  8548 | D:7      | Found a hide-covered altar of Uskayaw.
  8550 | D:7      | Found a basalt altar of Yredelemnul.
  8552 | D:7      | Found a faded altar of an unknown god.
  8628 | D:7      | Reached skill level 9 in Conjurations
  8871 | D:7      | Killed an unseen horror
  8872 | D:7      | Reached skill level 1 in Shields
  9279 | D:8      | Offered knowledge of Frozen Ramparts by Vehumet.
  9423 | D:8      | Reached *** piety under Vehumet
  9424 | D:8      | Reached skill level 1 in Hexes
  9431 | D:8      | Reached XP level 10. HP: 46/81 MP: 3/20
  9875 | D:8      | Learned a level 3 spell: Frozen Ramparts
  9982 | D:8      | Offered knowledge of Volatile Blastmotes by Vehumet.
 10431 | D:9      | Reached skill level 1 in Ice Magic
 10982 | D:9      | Noticed a cyclops
 11052 | D:9      | Killed a cyclops
 11053 | D:9      | Reached skill level 10 in Conjurations
 11221 | D:9      | Found a sparkling altar of Nemelex Xobeh.
 11340 | D:10     | Entered Level 10 of the Dungeon
 11540 | D:10     | Learned a level 5 spell: Freezing Cloud
 11568 | D:10     | Reached **** piety under Vehumet
 11771 | D:10     | Offered knowledge of Olgreb's Toxic Radiance by Vehumet.
 12000 | D:10     | Noticed a two-headed ogre
 12009 | D:10     | Slain by a two-headed ogre

Illustrated notes

Levels and vault maps discovered:
D:1:      minmay_arrival_three_doors, layout_basic
D:2:      layout_basic, serial_bayou_ford_a
D:3:      layout_loops_ring, nicolae_elyvilon_temple_path
D:4:      layout_basic, uniq_menkaure, uniq_pikel, uniq_robin
D:5:      layout_loops_ring, minmay_temple_entry_proselytizer,
          uniq_blork_the_orc, uniq_crazy_yiuf_cottage
D:6:      layout_loops_ring, kennysheep_potato
D:7:      layout_basic, chequers_temple_overflow_minitemple,
          nicolae_ossuary_entry_ruins, gammafunk_ghost_smash, serial_shops,
          shop_coins, kennysheep_mini, nicolae_diamond_shop, minivault_14,
          hangedman_decor_points, st_stairs_10, nicolae_shop_fire_sale
          [nicolae_sub_dead_trees], minmay_small_thing
D:8:      layout_basic
D:9:      layout_basic, nemelex_diamond_rough_becter
D:10:     minmay_inner_zag, layout_layer_cave, david_orc_3
Temple:   regret_index_temple_sphere_string

Skill      XL: |  1  2  3  4  5  6  7  8  9 10 |
---------------+-------------------------------+-----
Fighting       | 1 2 4 5 |  5.4
Conjurations   | 5 7 8 9 10 | 10.4
Spellcasting   | 3 4 5 6 7 |  7.9
Necromancy     | 1 2 3 5 |  5.3
Translocations | 2 4 |  4.0
Shields        | 2 4 |  4.8
Hexes          | 1 2 |  2.0
Ice Magic      | 3 |  3.7
Dodging        | |  1.7
Stealth        | |  1.7

Action                     |  1- 3 |  4- 6 |  7- 9 | 10-12 || total
---------------------------+-------+-------+-------+-------++-------
  Melee: Unarmed           |     1 |       |       |       ||     1
         Mace              |    10 |     7 |       |       ||    17
         Spear             |       |    52 |   238 |    10 ||   300
         Tailslap          |       |     6 |    28 |     1 ||    35
         Punch             |       |       |     3 |       ||     3
   Cast: Magic Dart        |    70 |    49 |   138 |    59 ||   316
         Searing Ray       |     2 |     8 |    28 |    24 ||    62
         Iskenderun's Myst |       |       |     6 |     2 ||     8
         Kiss of Death     |       |       |     1 |       ||     1
         Fulminant Prism   |       |       |    11 |    21 ||    32
         Frozen Ramparts   |       |       |       |     3 ||     3
Ability: Breathe Acid      |       |       |     8 |     9 ||    17
    Use: Scroll            |       |       |     7 |     6 ||    13
   Stab: Sleeping          |     1 |       |     3 |       ||     4
 Armour: Skin              |     5 |    22 |   125 |    25 ||   177
  Dodge: Dodged            |     2 |    57 |   133 |    31 ||   223
  Block: Buckler           |       |       |       |     4 ||     4

Table legend: (Time is in decaauts)
 A = Elapsed time spent in this place.
 B = Non-inter-level travel time spent in this place.
 C = Inter-level travel time spent in this place.
 D = Time resting spent in this place.
 E = Time spent auto-exploring this place.
 F = Levels seen in this place.
 G = Mean time per level.
                   A        B        C        D        E       F      G
               +--------+--------+--------+--------+--------+-----+--------+
         Total |  12068 |  11600 |    468 |   1227 |   8351 |  12 | 1005.7 |
       Dungeon |  11629 |  11209 |    420 |   1200 |   8275 |  10 | 1162.9 |
        Temple |     50 |      2 |     48 |      0 |      0 |   1 |   50.0 |
       Ossuary |    388 |    388 |      0 |     27 |     76 |   1 |  388.0 |
               +--------+--------+--------+--------+--------+-----+--------+

Top non-repeatable levels by time:
     D:7: 1869 daAuts
     D:4: 1418 daAuts
     D:8: 1295 daAuts
     D:3: 1256 daAuts
     D:5: 1209 daAuts
     D:6: 1182 daAuts
     D:9: 1026 daAuts
     D:2: 969 daAuts
     D:1: 800 daAuts
    D:10: 601 daAuts
 Ossuary: 388 daAuts
  Temple: 50 daAuts
